 Dungeon Crawl Stone Soup version 0.30.0-15-g856e2d3f33 (webtiles) character file.

Game seed: 3691677689245511100

93 qw the Chopper (level 4, -1/28 HPs)
             Began as a Gargoyle Fighter on May 21, 2023.
             Slain by a gnoll
             ... wielding a +0 spear
              (5 damage)
             ... on level 2 of the Dungeon.
             The game lasted 00:00:51 (1402 turns).

qw the Chopper (Gargoyle Fighter)                   Turns: 1402, Time: 00:00:52

Health: -1/28      AC: 12    Str: 22    XL:     4   Next: 61%
Magic:  4/4        EV:  9    Int:  8    God:
Gold:   31         SH:  4    Dex:  9    Spells: 3/3 levels left

rFire   . . .        Y - +0 war axe
rCold   . . .        c - +0 buckler
rNeg    + . .        b - +0 scale mail
rPois   inf          (no helmet)
rElec   +            (no cloak)
rCorr   .            (no gloves)
SInv    .            a - +1 pair of boots {Stlth+}
Will    .....        (no amulet)
Stlth   +            (no ring)
HPRegen 0.24/turn    (no ring)
MPRegen 0.09/turn

%: no passive effects
@: no status effects
A: sickness immunity, AC +3, negative energy resistance 1, electricity
resistance, torment resistance 1, petrification resistance
a: no special abilities


You were on level 2 of the Dungeon.
You visited 1 branch of the dungeon, and saw 2 of its levels.

You collected 109 gold pieces.
You spent 78 gold pieces at shops.


Innate Abilities, Weirdness & Mutations

You are immune to sickness and miasma.
Your stone body is resilient. (AC +3)
You are immune to poison.
You resist negative energy. (rN+)
You are resistant to electric shocks. (rElec)
You are resistant to unholy torment.
You are immune to petrification.


   Skills:
 - Level 3.2 Fighting
 + Level 4.2 Axes
 - Level 3.2 Armour
 - Level 3.2 Shields


You had 3 spell levels left.
You didn't know any spells.
Your spell library was empty.

Inventory:

Hand Weapons
 h - a +0 whip
 Y - a +0 war axe (weapon)
Armour
 a - a +1 pair of boots of stealth (worn)
 b - a +0 scale mail (worn)
 c - a +0 buckler (worn)
Scrolls
 e - a scroll of vulnerability {unknown}
 f - a scroll of enchant weapon {unknown}
 i - 5 scrolls of identify
Potions
 d - a potion of might
 g - a potion of attraction {unknown}
 j - a potion of invisibility {unknown}
 l - 2 potions of curing

Dungeon Overview and Level Annotations

Branches:
Dungeon (2/15)

Altars:

Shops:
D:1 ?


Message History

The gnoll hits you but does no damage. The hobgoblin misses you.
You closely miss the hobgoblin.
The hobgoblin is severely wounded.
The gnoll hits you but does no damage. You block the hobgoblin's attack.
You barely miss the hobgoblin.
The hobgoblin is severely wounded.
The gnoll hits you from afar with a +0 spear.
The hobgoblin barely misses you. You block the hobgoblin's attack.
The gnoll hits you from afar with a +0 spear.
You barely miss the hobgoblin.
The hobgoblin is severely wounded.
You block the gnoll's attack. The hobgoblin barely misses you.
You barely miss the hobgoblin.
The hobgoblin is severely wounded.
The gnoll hits you from afar with a +0 spear.
The gnoll hits you but does no damage. You block the hobgoblin's attack.
You closely miss the hobgoblin.
The hobgoblin is heavily wounded.
The gnoll hits you from afar with a +0 spear.
The hobgoblin hits you. You block the gnoll's attack.
You slash the hobgoblin!
You kill the hobgoblin!
The gnoll hits you but does no damage. x3
The gnoll hits you from afar with a +0 spear.
The gnoll barely misses you. The gnoll hits you but does no damage.
Things that are here:
a +0 spear; a gnoll corpse You hit the gnoll.
The gnoll is heavily wounded.
You hit the gnoll.
The gnoll hits you but does no damage. x2
You hit the gnoll.
The gnoll is severely wounded.
You completely miss the gnoll. The gnoll hits you but does no damage.
The gnoll barely misses you.
You barely miss the gnoll.
The gnoll is heavily wounded.
You barely miss the gnoll. You block the gnoll's attack.
The gnoll hits you with a +0 spear.
You die...

###########
.......)..######
......g@.......#
.##.#.g##.####.#
..... #.# #.#
##.#.. #.# ##.##
# #.. #.###...##
... ..##.....##
####
###.......##
#.........# ##
#.........#


You could see 2 gnolls.

Vanquished Creatures
  2 gnolls (D:2)
  3 adders (D:2)
  4 endoplasms
  3 giant cockroaches
  5 goblins (D:1)
  3 hobgoblins (D:2)
  2 jackals (D:1)
  2 quokkas
  4 ball pythons (D:1)
  6 bats
  2 frilled lizards (D:1)
  7 kobolds
  3 rats
46 creatures vanquished.

Notes
Turn   | Place    | Note
-------+----------+-------------------------------------------
     0 | D:1      | qw the Gargoyle Fighter began the quest for the Orb.
     0 | D:1      | Reached XP level 1. HP: 14/14 MP: 1/1
     0 | D:1      | 0 ||| qw: Version: 0.2-a-98-g16b38d9
     0 | D:1      | 0 ||| qw: Game counter: 14
     0 | D:1      | 0 ||| qw: Always use a shield: true
     0 | D:1      | 0 ||| qw: God list: Okawaru
     0 | D:1      | 0 ||| qw: Allow faded altars: false
     0 | D:1      | 0 ||| qw: Do Orc after D:15 true
     0 | D:1      | 0 ||| qw: Do second Lair branch before Depths: true
     0 | D:1      | 0 ||| qw: Lair rune preference: random
     0 | D:1      | 0 ||| qw: Plans: Normal, Zot:1-4, God:TSO, Crypt, Tomb,
                  | Pan, Slime:5, Hells, Abyss, Win
     0 | D:1      | 0 ||| PLANNING D:1-11
    56 | D:1      | Reached skill level 2 in Axes
   144 | D:1      | 144 ||| DROPPING +0 club.
   174 | D:1      | Reached XP level 2. HP: 19/19 MP: 2/2
   318 | D:1      | 318 ||| Stepping ~*~*~tactically~*~*~ (stealth).
   370 | D:1      | Reached skill level 3 in Axes
   410 | D:1      | 410 ||| DROPPING +2 hand axe of electrocution.
   638 | D:1      | Reached XP level 3. HP: 23/23 MP: 3/3
   934 | D:1      | Found Yvesan's Magic Scroll Shoppe.
   937 | D:1      | 937 ||| SHOPLISTING scroll of enchant weapon (97 gold, have
                  | 87).
   937 | D:1      | 937 ||| BUYING scroll of identify (26 gold).
   937 | D:1      | Bought a scroll of identify for 26 gold pieces
   937 | D:1      | 937 ||| BUYING scroll of identify (26 gold).
   937 | D:1      | Bought a scroll of identify for 26 gold pieces
   937 | D:1      | 937 ||| BUYING scroll of identify (26 gold).
   937 | D:1      | Bought a scroll of identify for 26 gold pieces
   937 | D:1      | 937 ||| SHOPLISTING scroll of identify (26 gold, have 9).
   937 | D:1      | 937 ||| SHOPLISTING scroll of teleportation (39 gold, have
                  | 9).
  1024 | D:1      | 1024 ||| DROPPING amulet of faith.
  1025 | D:1      | 1025 ||| READING scroll labelled TITAGA ELEIBEC.
  1026 | D:1      | 1026 ||| READING scroll labelled QITOYS QAMINU.
  1026 | D:1      | Identified a scroll of acquirement
  1026 | D:1      | 1026 ||| ACQUIRING +1 pair of boots of stealth
  1026 | D:1      | Acquired a +1 pair of boots of stealth
  1028 | D:1      | 1028 ||| UPGRADING to +1 pair of boots of stealth.
  1033 | D:1      | 1033 ||| READING 2 scrolls labelled SASMOE CUMNYUR.
  1034 | D:1      | 1034 ||| READING scroll labelled EKKUPT PAWNEK.
  1035 | D:1      | 1035 ||| READING scroll labelled BEBAAH GEMINTE.
  1036 | D:1      | 1036 ||| DRINKING 3 dark potions.
  1037 | D:1      | 1037 ||| READING 4 scrolls of identify.
  1037 | D:1      | 1037 ||| IDENTIFYING black potion
  1038 | D:1      | 1038 ||| DROPPING potion of berserk rage.
  1039 | D:1      | 1039 ||| DROPPING scroll of fear.
  1152 | D:2      | 1152 ||| Stepping ~*~*~tactically~*~*~ (stealth).
  1164 | D:2      | 1164 ||| Stepping ~*~*~tactically~*~*~ (stealth).
  1181 | D:2      | 1181 ||| Stepping ~*~*~tactically~*~*~ (hiding).
  1259 | D:2      | Reached XP level 4. HP: 23/28 MP: 4/4
  1282 | D:2      | 1282 ||| Stepping ~*~*~tactically~*~*~ (stealth).
  1296 | D:2      | Reached skill level 4 in Axes
  1398 | D:2      | HP: 3/28 [gnoll/+0 spear (5)]
  1402 | D:2      | Slain by a gnoll

Levels and vault maps discovered:
D:1:      nicolae_arrival_somewhat_less_tricky_arrival, layout_basic,
          serial_shops, nicolae_shop_real_fake_doors
D:2:      layout_loops_cross, minmay_split_cup_small

Skill      XL: |  1  2  3  4 |
---------------+-------------+-----
Axes           | 2 3 4 |  4.2
Fighting       | |  3.2
Armour         | |  3.2
Shields        | |  3.2

Action                     |  1- 3 |  4- 6 || total
---------------------------+-------+-------++-------
  Melee: War axe           |   111 |    27 ||   138
    Use: Scroll            |     6 |       ||     6
         Potion            |     1 |       ||     1
 Armour: Scale mail        |    52 |    26 ||    78
  Dodge: Dodged            |    50 |     9 ||    59
  Block: Buckler           |    25 |    10 ||    35

Table legend:
 A = Non-vault XP
 B = Vault XP
 C = Vault XP percentage of total XP
 D = Non-vault monster count
 E = Vault monster count
 F = Vault count percentage of total count
                 A         B        C        D         E       F
            +---------+---------+-------+---------+---------+-------
      Total |     116 |      17 |  12.8 |      43 |       3 |   6.5
            +---------+---------+-------+---------+---------+-------
        D:1 |      41 |       0 |   0.0 |      27 |       0 |   0.0
        D:2 |      75 |      17 |  18.5 |      16 |       3 |  15.8
            +---------+---------+-------+---------+---------+-------
